 Dungeon Crawl Stone Soup version 0.25-a0-488-g03579ab (webtiles) character file.

Game seed: 8741987808587955607, levelgen mode: deterministic

511 FerrousOx the Chopper (level 6, -5/55 HPs)
             Began as a Minotaur Monk on Feb 11, 2020.
             Slain by an ogre
             ... wielding a +0 giant club
              (12 damage)
             ... on level 4 of the Dungeon.
             The game lasted 00:10:59 (3327 turns).

FerrousOx the Chopper (Minotaur Monk)               Turns: 3327, Time: 00:11:00

Health: -5/55      AC:  5    Str: 23    XL:     6   Next: 99%
Magic:  6/6        EV: 13    Int: 12    God:
Gold:   200        SH:  0    Dex: 13    Spells: 5/5 levels left

rFire    . . .     SeeInvis .   a - +0 hand axe
rCold    + . .     Gourm    .   (no shield)
rNeg     . . .     Faith    .   l - +0 ring mail
rPois    .         Spirit   .   (helmet restricted)
rElec    .         Reflect  .   (no cloak)
rCorr    .         Harm     .   (no gloves)
MR       .....                  (no boots)
Stlth    +.........             (no amulet)
HPRegen  0.18/turn              o - ring of protection from cold
MPRegen  0.10/turn              m - +6 ring of strength

@: brilliant
A: retaliatory headbutt, horns 2
a: no special abilities


You were on level 4 of the Dungeon.
You were not hungry.

You visited 1 branch of the dungeon, and saw 4 of its levels.

You collected 200 gold pieces.

Inventory:

Hand Weapons
 a - a +0 hand axe (weapon)
Missiles
 i - 3 poisoned darts (quivered)
Armour
 b - a +0 robe
 k - a +0 scale mail
 l - a +0 ring mail (worn)
Jewellery
 d - an uncursed ring of resist corrosion
 h - an uncursed amulet of inaccuracy
 m - a +6 ring of strength (right hand)
 o - a ring of protection from cold (left hand)
 r - an uncursed ring of stealth
Wands
 n - a wand of acid (10)
Scrolls
 f - 4 scrolls of remove curse
 p - 2 scrolls of fog {unknown}
 t - a scroll of immolation {unknown}
 u - a scroll of fear {unknown}
Potions
 e - a potion of lignification
 q - a potion of mutation {unknown}
Comestibles
 c - 4 rations
 s - 6 chunks of flesh


   Skills:
 + Level 4.8 Fighting
 * Level 7.5 Axes
 * Level 2.6 Armour
 - Level 4.2 Dodging
 - Level 1.7 Stealth
 * Level 1.4 Evocations


You had 5 spell levels left.
You didn't know any spells.
Your spell library contained the following spells:

 Spells                   Type           Power        Failure   Level  Hunger
 Confusing Touch          Hex            #.......     16%         3    ####...
 Gell's Gravitas          Tloc           #.........   16%         3    ####...
 Petrify                  Tmut/Erth      #.......     43%         4    #####..
 Metabolic Englaciation   Hex/Ice        #.........   73%         5    ######.
 Yara's Violent Unravell  Hex/Tmut       #.........   73%         5    ######.


Dungeon Overview and Level Annotations

Branches:
Dungeon (4/15)
 Temple: D:4-7

Altars:
Elyvilon
Makhleb
Okawaru
Vehumet
Xom
Yredelemnul

Annotations:
D:3 1 exclusion


Innate Abilities, Weirdness & Mutations

You reflexively headbutt those who attack you in melee.
You have a pair of horns on your head.


Message History

A worm comes into view.
There are monsters nearby!
There are monsters nearby!
The ogre shouts!
Found 25 gold pieces.
You hit the ogre.
You headbutt the ogre, but do no damage.
The ogre is lightly wounded.
The ogre hits you with a +0 giant club!
You hit the ogre.
The ogre is moderately wounded.
The ogre hits you with a +0 giant club!!
Ouch! That really hurt!
* * * LOW HITPOINT WARNING * * *
Okay, then.
It was a potion of cancellation.
You feel magically purged.
It was a potion of brilliance.
You feel clever all of a sudden. The ogre hits you with a +0 giant club!
You die...

##.#. #(#.####### ..#
#.....# ### #...$$#
#..)..# ..... ... .# #.#
########.# ### #@#
#..(.....
#...###O###.####..#
#.##...w......##..#
#.......###.#.##..#
#.##.#...##.......######
#...#..###..........#
...#. ..# ###..####..#
#.#.... ... #..####..# #
#.### ###. #..#......


You could see an ogre and a worm.

Vanquished Creatures
  An ogre (D:4)
  A bullfrog (D:4)
  A scorpion (D:2)
  A howler monkey (D:4)
  A hound (D:4)
  A bullfrog skeleton (D:4)
  A centaur skeleton (D:3)
  Jessica (D:3)
  An iguana (D:4)
  8 adders
  2 oozes
  A worm (D:2)
  2 dart slugs
  3 leopard geckos
  2 giant cockroaches
  4 goblins
  8 hobgoblins
  3 quokkas (D:2)
  6 bats
  4 frilled lizards (D:2)
  6 kobolds (D:2)
  A quokka skeleton (D:3)
  3 rats
62 creatures vanquished.

Notes
Turn   | Place    | Note
-------+----------+-------------------------------------------
     0 | D:1      | FerrousOx the Minotaur Monk began the quest for the Orb.
     0 | D:1      | Reached XP level 1. HP: 19/19 MP: 0/0
   179 | D:1      | Reached XP level 2. HP: 26/27 MP: 1/1
   613 | D:2      | Noticed a scorpion
   691 | D:2      | Found an iron altar of Okawaru.
   747 | D:2      | Reached skill level 4 in Axes
   772 | D:2      | Reached XP level 3. HP: 30/33 MP: 2/2
  1323 | D:2      | Reached XP level 4. HP: 21/40 MP: 3/3
  1750 | D:2      | Reached skill level 5 in Axes
  2096 | D:3      | Noticed Jessica
  2217 | D:3      | Reached skill level 1 in Armour
  2217 | D:3      | Reached XP level 5. HP: 47/47 MP: 4/4
  2358 | D:3      | Killed Jessica
  2437 | D:3      | Found a radiant altar of Vehumet.
  2473 | D:3      | Reached skill level 6 in Axes
  2480 | D:3      | Found a shimmering altar of Xom.
  2723 | D:3      | Found a burning altar of Makhleb.
  2726 | D:3      | Found a white marble altar of Elyvilon.
  2845 | D:4      | Noticed an ogre
  2954 | D:4      | Noticed an ogre
  2980 | D:4      | Killed an ogre
  2980 | D:4      | Reached skill level 1 in Evocations
  2980 | D:4      | Reached XP level 6. HP: 53/53 MP: 5/5
  3107 | D:4      | Found a basalt altar of Yredelemnul.
  3149 | D:4      | Reached skill level 7 in Axes
  3327 | D:4      | Slain by an ogre

Levels and vault maps discovered:
D:1:      kilobyte_arrival_exit_the_forest, layout_rooms
D:2:      layout_rooms, okawaru_trees_2, kennysheep_generic_room_2
D:3:      layout_basic, overflow_temple_1_default, vehumet_crystals,
          nicolae_overflow_hidden_temple, serial_undead, serial_undead_f,
          serial_undead_b, serial_undead_a, serial_undead_d, uniq_jessica
D:4:      layout_loops_cross, kennysheep_mini, lemuel_doored_altar,
          minmay_temple_entry_offerings, first_ration

Skill      XL: |  1  2  3  4  5  6 |
---------------+-------------------+-----
Axes           | 4 5 6 7 |  7.5
Dodging        | 4 |  4.2
Fighting       | 4 |  4.8
Armour         | 1 2 |  2.6
Evocations     | 1 |  1.4
Stealth        | |  1.7

Action                   |  1- 3 |  4- 6 || total
-------------------------+-------+-------++-------
Melee: Hand axe          |    67 |    94 ||   161
       Headbutt          |     9 |    23 ||    32
  Use: Scroll            |     4 |     1 ||     5
       Potion            |     1 |     2 ||     3
 Stab: Sleeping          |     2 |       ||     2
  Eat: Chunk             |       |     5 ||     5
       Ration            |       |     1 ||     1
Armor: Robe              |    26 |       ||    26
       Ring mail         |       |    20 ||    20
Dodge: Dodged            |    71 |    61 ||   132

Table legend:
 A = Non-vault XP
 B = Vault XP
 C = Vault XP percentage of total XP
 D = Non-vault monster count
 E = Vault monster count
 F = Vault count percentage of total count
                 A         B        C        D         E       F
            +---------+---------+-------+---------+---------+-------
      Total |     637 |      94 |  12.9 |      56 |       6 |   9.7
            +---------+---------+-------+---------+---------+-------
        D:1 |      26 |       0 |   0.0 |      13 |       0 |   0.0
        D:2 |     142 |      17 |  10.7 |      25 |       3 |  10.7
        D:3 |      49 |      77 |  61.1 |       8 |       3 |  27.3
        D:4 |     420 |       0 |   0.0 |      10 |       0 |   0.0
            +---------+---------+-------+---------+---------+-------
